 Dungeon Crawl Stone Soup version 0.31-a0-618-g7ca08c1ff9 (webtiles) character file.

Game seed: 10869831644462465823

186 DocEon the Ruffian (level 5, -2/38 HPs)
             Began as a Demonspawn Gladiator on Aug 22, 2023.
             Slain by an iguana (7 damage)
             ... on level 3 of the Dungeon.
             The game lasted 00:02:27 (3020 turns).

DocEon the Ruffian (Demonspawn Gladiator)           Turns: 3020, Time: 00:02:27

Health: -2/38      AC:  6    Str: 16    XL:     5   Next: 38%
Magic:  13/13      EV: 12    Int: 10    God:
Gold:   169        SH:  0    Dex: 14    Spells: 4/4 levels left

rFire   + +          +
                       - Unarmed
rCold   . . .        (no shield)
rNeg    . . .        k - +0 leather armour "Alukoum" {Contam Rampage rF+++ MP+9}
rPois   .            b - +0 helmet
rElec   .            g - +0 cloak
rCorr   +            (no gloves)
SInv    +            h - +0 pair of boots
Will    +....        (no amulet)
Stlth   +            l - ring of resist corrosion
HPRegen 0.26/turn    i - ring of see invisible
MPRegen 0.13/turn

%: rampage
@: mighty
A: powered by pain 1, demonic magic 2, low MP 1, strong-willed 1, sturdy frame 1
a: no special abilities


You were on level 3 of the Dungeon.
You visited 1 branch of the dungeon, and saw 4 of its levels.

You collected 169 gold pieces.

Inventory:

Missiles
 c - 3 throwing nets (quivered)
 d - a javelin
Armour
 a - a +0 leather armour
 b - a +0 helmet (worn)
 g - a +0 cloak (worn)
 h - a +0 pair of boots (worn)
 k - the +0 leather armour "Alukoum" (worn) {Contam Rampage rF+++ MP+9}
   (You found it on level 2 of the Dungeon)

   rF+++:     It renders you almost immune to fire.
   MP+9:      It affects your magic capacity (+9).
   Contam:    It causes magical contamination when unequipped.
   Rampage:   It bestows one free step when moving towards enemies.
Jewellery
 e - a ring of protection from fire
 i - a ring of see invisible (right hand)
 l - a ring of resist corrosion (left hand)
Wands
 m - a wand of roots (11)
Scrolls
 f - a scroll of enchant weapon
Potions
 j - 3 potions of curing


   Skills:
 - Level 2.0 Fighting
 - Level 1.7 Throwing
 - Level 2.6 Dodging
 * Level 5.6 Unarmed Combat


You had 4 spell levels left.
You didn't know any spells.
Your spell library contained the following spells:

 Spells                   Type           Power      Damage    Failure   Level
 Tukima's Dance           Hex            0%         N/A       75%         3
 Passage of Golubria      Tloc           0%         N/A       98%         4
 Yara's Violent Unravell  Hex/Tmut       0%         3d3       100%        5


Dungeon Overview and Level Annotations

Branches:
Dungeon (4/15)
 Temple: D:4-7

Altars:
Sif Muna


Innate Abilities, Weirdness & Mutations

You sometimes gain a little power by taking damage.
Spells you cast may paralyse nearby enemies.
Your magical capacity is low. (-10% MP)
You are strong-willed. (Will+)
Your movements are slightly less encumbered by armour. (ER -2)


Message History

The goblin hits you but does no damage.
The iguana bites you but does no damage.
You climb upwards.
There is a stone staircase leading down here.
You closely miss the iguana. Your punch misses the iguana.
The iguana is moderately wounded.
The goblin hits you but does no damage. The iguana barely misses you.
You hit the iguana but do no damage.
The iguana is moderately wounded.
The goblin hits you but does no damage.
The iguana bites you but does no damage.
You punch the iguana!
The iguana is severely wounded.
The goblin misses you. The iguana closely misses you.
You barely miss the iguana.
The iguana is severely wounded.
The goblin barely misses you. The iguana barely misses you.
You hit the iguana but do no damage.
The iguana is severely wounded.
The goblin closely misses you. The iguana bites you!
You completely miss the iguana.
The iguana is severely wounded.
The goblin hits you but does no damage. The iguana bites you!
You completely miss the iguana.
The iguana is severely wounded.
The goblin hits you with a +0 dagger.
You hit the iguana.
The iguana is severely wounded.
The iguana bites you!
* * * LOW HITPOINT WARNING * * *
You focus on the pain.
You feel very mighty all of a sudden.
You are too injured to fight recklessly!
You are too injured to fight recklessly!
You barely miss the iguana.
The iguana is severely wounded.
The goblin hits you with a +0 dagger.
* * * LOW HITPOINT WARNING * * *
The iguana bites you!
You die...

.# #.# #.#
##.###.#####....... .###.#
#.#######.................
.....#
#.........................
##.###
#########.................
#.# #..#####.#........ #.#
##..# #.#######.# #.#
#...# #.# #.# #.##########
#...# #.# #.# #..........#
#g@l#####.## #.#
##########.# #<.........#
#.# #.# #.##)..###.#
####.# #.###.###......#
#.†..# #.##..# #####..#
#.#### #.##.## #..# #.#
#.##.# #..# #.# #.##.#
#..# #.# #.##.# #..# #.#


You could see an iguana and a goblin.

Vanquished Creatures
  A black bear (D:3)
  4 adders
  3 worms
  A dart slug (D:1)
  3 orcs
  4 endoplasms
  3 giant cockroaches
  2 goblins (D:1)
  3 hobgoblins (D:2)
  6 jackals (D:1)
  3 kobolds
  2 quokkas
  9 ball pythons
  2 frilled lizards
  2 rats
48 creatures vanquished.

Notes
Turn   | Place    | Note
-------+----------+-------------------------------------------
     0 | D:1      | DocEon the Demonspawn Gladiator began the quest for the
                  | Orb.
     0 | D:1      | Reached XP level 1. HP: 16/16 MP: 1/1
    22 | D:1      | Found a faded altar of an unknown god.
   112 | D:1      | Reached skill level 3 in Unarmed Combat
   363 | D:1      | Gained mutation: Spells you cast may paralyse adjacent
                  | enemies. [demonic ancestry]
   363 | D:1      | Reached XP level 2. HP: 17/22 MP: 2/2
  1016 | D:1      | Gained mutation: You sometimes gain a little power by
                  | taking damage. [demonic ancestry]
  1016 | D:1      | Reached XP level 3. HP: 25/27 MP: 3/3
  1450 | D:2      | Reached skill level 4 in Unarmed Combat
  1813 | D:2      | Identified the +0 leather armour "Alukoum" {Contam Rampage
                  | rF+++ MP+9}
  2162 | D:3      | Gained mutation: Spells you cast may paralyse nearby
                  | enemies. [demonic ancestry]
  2162 | D:3      | Reached XP level 4. HP: 19/33 MP: 4/4
  2167 | D:3      | Noticed a black bear
  2218 | D:3      | Gained mutation: Your magical capacity is low. (-10% MP)
                  | [potion of mutation]
  2218 | D:3      | Gained mutation: Your movements are slightly less
                  | encumbered by armour. (ER -2) [potion of mutation]
  2218 | D:3      | Gained mutation: You are strong-willed. (Will+) [potion of
                  | mutation]
  2223 | D:3      | Killed a black bear
  2224 | D:3      | Reached skill level 5 in Unarmed Combat
  2224 | D:3      | Reached XP level 5. HP: 6/38 MP: 4/4
  2422 | D:3      | Found a shimmering blue altar of Sif Muna.
  3020 | D:3      | Slain by an iguana

Illustrated notes

Levels and vault maps discovered:
D:1:      giann_forest_graveyard, layout_basic, ebering_ecumenical_altar_webs,
          serial_aquarium, aquarium_bridge_square [aquarium_subvault_wall,
          aquarium_subvault_wall, aquarium_subvault_bridge,
          aquarium_subvault_wall], aquarium_window_1, aquarium_window_2,
          aquarium_view_4, aquarium_balcony_3b, aquarium_pool_split,
          kennysheep_nondescript
D:2:      layout_basic
D:3:      layout_loops_ring, led_sif_pool
D:4:      layout_rooms, kennysheep_diamond, st_stairs_8,
          kennysheep_generic_room_11

Skill      XL: |  1  2  3  4 |
---------------+-------------+-----
Unarmed Combat | 3 4 5 |  5.6
Fighting       | |  2.0
Throwing       | |  1.7
Dodging        | |  2.6

Action                     |  1- 3 |  4- 6 || total
---------------------------+-------+-------++-------
  Melee: Unarmed           |   149 |    44 ||   193
         Punch             |     8 |     2 ||    10
    Use: Potion            |       |     4 ||     4
         Scroll            |       |     2 ||     2
   Stab: Sleeping          |     1 |     1 ||     2
 Armour: Leather armour    |    48 |    17 ||    65
  Dodge: Dodged            |   115 |    40 ||   155

Table legend: (Time is in decaauts)
 A = Elapsed time spent in this place.
 B = Non-inter-level travel time spent in this place.
 C = Inter-level travel time spent in this place.
 D = Time resting spent in this place.
 E = Time spent auto-exploring this place.
 F = Levels seen in this place.
 G = Mean time per level.
                   A        B        C        D        E       F      G
               +--------+--------+--------+--------+--------+-----+--------+
         Total |   3004 |   2852 |    152 |    233 |   2122 |   4 |  751.0 |
       Dungeon |   3004 |   2852 |    152 |    233 |   2122 |   4 |  751.0 |
               +--------+--------+--------+--------+--------+-----+--------+

Top non-repeatable levels by time:
     D:1: 1288 daAuts
     D:3: 864 daAuts
     D:2: 836 daAuts
     D:4: 14 daAuts
